 Dungeon Crawl Stone Soup version 0.30-a0-618-gd6c86c23d0 (webtiles) character file.

Game seed: 15241062795277836980

140 Dirtsage the Chopper (level 5, 13/41 HPs)
             Began as a Demonspawn Fighter on Jan 9, 2023.
             Quit the game on level 3 of the Dungeon.
             The game lasted 00:03:09 (1834 turns).

Dirtsage the Chopper (Demonspawn Fighter)           Turns: 1834, Time: 00:03:10

Health: 13/41      AC:  6    Str: 18    XL:     5   Next: 2%
Magic:  5/5        EV:  9    Int: 10    God:
Gold:   107        SH:  4    Dex: 12    Spells: 4/4 levels left

rFire   . . .      SeeInvis .    a - +0 war axe
rCold   . . .      Faith    .    c - +0 buckler
rNeg    . . .      Spirit   .    b - +0 scale mail
rPois   .          Reflect  .    (helmet restricted)
rElec   .          Harm     .    (no cloak)
rCorr   .          Rampage  .    (no gloves)
Will    .....                    (no boots) Stlth
                                 (no amulet)
HPRegen 0.26/turn                (no ring)
MPRegen 0.09/turn                (no ring)

@: no status effects
A: horns 1, demonic magic 1
a: no special abilities


You were on level 3 of the Dungeon.
You visited 1 branch of the dungeon, and saw 3 of its levels.

You collected 107 gold pieces.

Inventory:

Hand Weapons
 a - a +0 war axe (weapon)
Armour
 b - a +0 scale mail (worn)
 c - a +0 buckler (worn)
Wands
 m - a wand of flame (13)
Scrolls
 f - 4 scrolls of teleportation {unknown}
 h - a scroll of enchant weapon {unknown}
 j - a scroll of torment {unknown}
 k - 2 scrolls of identify {unknown}
Potions
 d - a potion of might
 e - 2 potions of invisibility {unknown}
 g - 2 potions of degeneration {unknown}
 i - a potion of lignification {unknown}
 l - a potion of heal wounds {unknown}
 q - 2 potions of curing


   Skills:
 - Level 3.0 Fighting
 + Level 4.8 Axes
 - Level 2.6 Armour
 - Level 2.6 Shields


You had 4 spell levels left.
You didn't know any spells.
Your spell library contained the following spells:

 Spells                   Type           Power      Damage    Failure   Level
 Freeze                   Ice            0%         1d3       85%         1
 Summon Small Mammal      Summ           0%         N/A       85%         1
 Call Canine Familiar     Summ           0%         N/A       99%         3
 Frozen Ramparts          Ice            0%         1d1       99%         3
 Gell's Gravitas          Tloc           0%         N/A       99%         3
 Hailstorm                Conj/Ice       0%         3d3       99%         3
 Summon Guardian Golem    Hex/Summ       0%         N/A       99%         3
 Teleport Other           Tloc           0%         N/A       99%         3
 Dispersal                Tloc           0%         N/A       100%        6


Dungeon Overview and Level Annotations

Branches:
Dungeon (3/15)

Altars:

Shops:
D:3 ::[:


Innate Abilities, Weirdness & Mutations

You have a pair of small horns on your head.
Spells you cast may paralyse adjacent enemies.


Message History

Natasha casts a spell at you. The magic dart hits you.
The crimson imp shouts, "Crawl home, thou paunchy swag-bellied urchin!"
The crimson imp blinks!
You take 3 damage, and have 12/35 hp.
You slash Natasha!
You kill Natasha!
Natasha screams in fury as she dies!
The crimson imp disappears in a puff of smoke!
The orc throws a boomerang.
The boomerang closely misses you. The orc barely misses you.
An orc comes into view. It is wielding a +0 flail.
The orc hits you but does no damage.
The orc shouts!
You slash the orc!
You kill the orc!
You hear a shout!
The orc hits you with a +0 flail.
Things that are here:
a +0 club; 2 boomerangs; a +0 leather armour You take 1 damage, and have 12/35 hp.
You closely miss the orc.
You feel yourself speed up. The orc completely misses you.
The orc hits you with a +0 flail.
* * * LOW HITPOINT WARNING * * *
You take 2 damage, and have 10/35 hp.
You closely miss the orc.
An orc comes into view. It is wielding a +0 hand axe.
The orc hits you but does no damage.
You slash the orc!
You kill the orc!
You have reached level 5!
Your demonic ancestry asserts itself...
A menacing aura infuses your magic.
You regained 3 hp, and now have 13/41 hp.
MP restored: 5 You hit the orc.
You headbutt the orc.
You kill the orc!
An orc comes into view. It is wielding a +0 hand axe.
Are you sure you want to abandon this character and quit the game? (Confirm with "yes".)

♣......♣##.....#######.#
♣♣♣..♣♣♣#..............#
#++# ##.....#########
#.....# ##.#### #.# #.#
#.# #@# #)# #.# ... ...
....o ##.#. #.#..


You could see an orc.

Vanquished Creatures
  Jessica (D:3)
  Natasha (D:3)
  4 adders
  A worm (D:3)
  3 dart slugs
  4 orcs (D:3)
  4 endoplasms
  A giant cockroach (D:1)
  4 goblins (D:1)
  3 hobgoblins
  4 kobolds
  A quokka (D:3)
  4 ball pythons
  6 bats
  A rat (D:1)
42 creatures vanquished.

Notes
Turn   | Place    | Note
-------+----------+-------------------------------------------
     0 | D:1      | Dirtsage the Demonspawn Fighter began the quest for the
                  | Orb.
     0 | D:1      | Reached XP level 1. HP: 18/18 MP: 1/1
    59 | D:1      | Reached skill level 2 in Axes
   166 | D:1      | Gained mutation: You have a pair of small horns on your
                  | head. [demonic ancestry]
   166 | D:1      | Reached XP level 2. HP: 17/24 MP: 2/2
   357 | D:1      | Reached skill level 3 in Axes
   569 | D:2      | Reached XP level 3. HP: 6/29 MP: 3/3
  1310 | D:3      | Found Kunad's Antique Armour Shop.
  1400 | D:3      | Reached XP level 4. HP: 26/35 MP: 4/4
  1436 | D:3      | Found Cugoa's Book Shoppe.
  1491 | D:3      | Reached skill level 4 in Axes
  1549 | D:3      | Noticed Jessica
  1563 | D:3      | Found Ibliatw Woph's Book Shoppe.
  1565 | D:3      | Killed Jessica
  1763 | D:3      | Found Plog's Book Shop.
  1818 | D:3      | Noticed Natasha
  1826 | D:3      | Killed Natasha
  1833 | D:3      | Gained mutation: Spells you cast may paralyse adjacent
                  | enemies. [demonic ancestry]
  1833 | D:3      | Reached XP level 5. HP: 13/41 MP: 5/5
  1834 | D:3      | Quit the game

Illustrated notes

Levels and vault maps discovered:
D:1:      dpeg_arrival_pond, layout_rooms
D:2:      layout_basic, minmay_hedge_maze
D:3:      minmay_goblin_kobold_castle, layout_loops_corners, serial_glass,
          glass_columns_a, glass_columns_b, glass_columns_a, glass_columns_c,
          serial_shops, shop, nicolae_diamond_shop, nicolae_shop_trees,
          nicolae_shop_window_shopping, shop_fountains,
          kennysheep_generic_room_6, uniq_jessica, uniq_natasha

Skill      XL: |  1  2  3  4 |
---------------+-------------+-----
Axes           | 2 3 4 |  4.8
Fighting       | |  3.0
Armour         | |  2.6
Shields        | |  2.6

Action                   |  1- 3 |  4- 6 || total
-------------------------+-------+-------++-------
Melee: War axe           |    99 |    33 ||   132
       Headbutt          |    10 |     5 ||    15
Armor: Scale mail        |    58 |    11 ||    69
Dodge: Dodged            |    51 |    13 ||    64
Block: Buckler           |    23 |     7 ||    30

Table legend: (Time is in decaauts)
 A = Elapsed time spent in this place.
 B = Non-inter-level travel time spent in this place.
 C = Inter-level travel time spent in this place.
 D = Time resting spent in this place.
 E = Time spent auto-exploring this place.
 F = Levels seen in this place.
 G = Mean time per level.
                   A        B        C        D        E       F      G
               +--------+--------+--------+--------+--------+-----+--------+
         Total |   1890 |   1842 |     48 |     93 |   1387 |   3 |  630.0 |
       Dungeon |   1890 |   1842 |     48 |     93 |   1387 |   3 |  630.0 |
               +--------+--------+--------+--------+--------+-----+--------+

Top non-repeatable levels by time:
     D:2: 740 daAuts
     D:3: 618 daAuts
     D:1: 532 daAuts
